Map: Goldenaura LE

Players

trie - Winner!

  • Race: Zerg Zerg
  • League: Diamond
  • Spawn Location: 5:00

SkyStalker

  • Race: Protoss Protoss
  • Spawn Location: 12:00

VOD

Have the link to the VOD?

Description

Time

  • Played on: April 15, 2024, 1:39 a.m.
  • Length: 9:43
Show
View Real Time Build Order
Export as new Build Order

trie Zerg - Winner!

Build Orders: Hatch First 

Get SALT Encoding   

  12  0:00  Drone  
  13  0:07  Drone  
  14  0:14  Extractor, Drone  
  15  0:38  Hatchery  
  14  0:46  Overlord  
  14  1:02  Spawning Pool  
  13  1:04  Drone  
  13  1:08  Drone  
  15  1:14  Drone  
  16  1:22  Drone  
  17  1:26  Drone  
  18  1:35  Extractor  
  18  1:37  Drone  
  18  1:48  Drone, Queen  
  18  1:51  Queen  
  23  1:54  Drone  
  23  1:59  Drone  
  25  2:05  Drone  
  26  2:13  Drone x2  
  28  2:22  Overlord  
  28  2:34  Hatchery  
  27  2:37  Metabolic Boost  
  27  2:52  Drone x5  
  27  2:53  Drone  
  33  3:03  Zergling x4  
  35  3:24  Zergling x2  
  34  3:42  Zergling x2  
  34  3:44  Overlord x4  
  34  3:46  Queen x2  
  39  4:00  Drone x2  
  39  4:01  Overlord x2  
  41  4:11  Drone  
  41  4:12  Drone x3  
  45  4:18  Spore Crawler  
  45  4:19  Spore Crawler  
  45  4:22  Drone x3  
  46  4:39  Lair  
  46  4:42  Drone x6  
  46  4:43  Drone x2  
  54  4:48  Spore Crawler  
  53  5:13  Drone x2  
  53  5:14  Drone x7  
  58  5:15  Drone x4  
  66  5:23  Queen  
  66  5:24  Queen  
  66  5:27  Zergling x8  
  66  5:28  Zergling x2, Hatchery  
  74  5:39  Spine Crawler x2  
  74  5:40  Zergling x2, Hatchery  
  74  5:41  Zergling x6, Extractor  
  75  5:55  Zergling x6  
  75  5:56  Zergling x10  
  76  6:10  Zergling x6  
  56  6:26  Zergling x6  
  56  6:27  Zergling x2  
  53  6:40  Zergling x2  
  53  6:41  Zergling x10  
  59  6:51  Zergling x2  
  59  6:52  Zergling x6  
  60  6:57  Zergling x2  
  60  7:00  Hatchery  
  58  7:03  Spine Crawler  
  51  7:09  Zergling x8  
  51  7:15  Zergling x6  
  49  7:20  Zergling x8  
  47  7:24  Zergling x4  
  47  7:26  Queen x4  
  47  7:29  Zergling x6  
  57  7:30  Zergling x4  
  57  7:35  Zergling x2  
  58  7:37  Spine Crawler  
  58  7:39  Spine Crawler  
  58  7:40  Evolution Chamber  
  58  7:43  Zergling x4  
  58  7:44  Zergling x2, Evolution Chamber  
  52  7:55  Zergling x10  
  53  8:01  Zergling x4, Queen  
  53  8:02  Zergling x2  
  55  8:07  Zergling x8  
  57  8:15  Zergling x2  
  57  8:16  Zergling x4  
  57  8:22  Zergling x4  
  55  8:37  Hydralisk Den  
  55  8:39  Zergling x2  
  55  8:40  Zergling x30  
  70  8:47  Hatchery  
  67  8:56  Extractor  
  67  9:01  Roach Warren  
  67  9:02  Zergling x8  
  69  9:12  Drone x3  
Show
View Real Time Build Order
Export as new Build Order

SkyStalker Protoss 

Build Orders: Blink Stalkers 

Get SALT Encoding   

  12  0:00  Probe  
  13  0:13  Probe  
  14  0:20  Pylon  
  14  0:25  Probe  
  15  0:38  Gateway, Probe (Chrono Boost)  
  16  0:48  Probe (Chrono Boost)  
  17  0:50  Assimilator  
  17  0:53  Probe (Chrono Boost)  
  18  1:04  Probe  
  19  1:16  Probe (Chrono Boost)  
  20  1:20  Pylon  
  20  1:25  Cybernetics Core  
  20  1:28  Probe (Chrono Boost)  
  20  1:31  Assimilator  
  21  1:36  Probe (Chrono Boost)  
  22  1:43  Probe  
  23  1:55  Probe  
  24  2:02  Warp Gate, Stalker (Chrono Boost)  
  24  2:07  Probe  
  27  2:15  Nexus  
  27  2:19  Probe  
  28  2:29  Pylon  
  28  2:32  Probe  
  28  2:36  Stalker  
  31  2:47  Probe  
  31  2:50  Twilight Council  
  32  2:59  Probe  
  33  3:11  Probe  
  34  3:23  Probe  
  35  3:35  Probe x2  
  35  3:44  Blink (Chrono Boost)  
  35  3:47  Probe x2  
  35  3:59  Probe x2  
  37  4:03  Gateway  
  37  4:06  Gateway  
  37  4:07  Gateway  
  37  4:08  Gateway  
  37  4:11  Probe  
  37  4:12  Probe  
  37  4:13  Gateway  
  37  4:14  Gateway  
  39  4:23  Probe  
  40  4:24  Probe  
  40  4:29  Assimilator  
  40  4:31  Stalker  
  43  4:35  Probe  
  44  4:41  Pylon  
  44  4:43  Pylon  
  44  4:58  Pylon  
  44  5:01  Stalker x4  
  44  5:02  Stalker  
  54  5:08  Gateway  
  54  5:15  Stalker x2  
  58  5:35  Stalker x3  
  60  5:36  Stalker x2  
  60  5:39  Stalker  
  60  5:41  Stalker  
  65  6:11  Stalker  
  65  6:12  Stalker x6  
  57  6:35  Stalker x2  
  59  6:40  Stalker  
  59  6:54  Stalker x2  
  63  7:04  Stalker  
  55  7:24  Stalker x2  
  55  7:25  Stalker x2  
  61  7:34  Stalker  
  59  7:50  Stalker x3  
  63  7:55  Assimilator, Probe x2  
  59  8:07  Probe x2  
  59  8:12  Stalker  
  55  8:13  Stalker x2  
  55  8:19  Probe  
  59  8:20  Probe  
  59  8:25  Zealot x2  
  59  8:26  Zealot x2  
  61  8:28  Zealot  
  60  8:34  Probe x2  
  56  8:44  Nexus  
  56  8:46  Probe x2  
  56  8:51  Pylon  
  56  8:53  Pylon  
  56  8:57  Pylon  
  56  8:58  Probe  
  56  9:00  Pylon  
  56  9:02  Probe  
  58  9:08  Stalker x3  
  58  9:09  Stalker x3  
  70  9:10  Probe, Stalker  
  70  9:14  Probe  
Tags
 
Composition
Blink Stalkers
League
Diamond
Matchup
PvZ
Spawn Locations
Cross Positions
Add a new tag
Caveats
  • Supply blocks, unpowered buildings, or Contaminate may cause inaccurate times.
  • Supply counts are checked every 10 seconds.